AoeStats
← DeSong

Arena

509185645Analyzed
3v3 RM · 7d ago on Sep 25, 2026· 53m 3s· 6 players
Game mode
Random Map
Map size
Normal (6 player)
Population
200
Speed
Normal
Resources
Standard
Victory
Conquest
Starting age
Dark Age
Ending age
Imperial Age
RankedLock teamsTeams togetherTeam positionsShared explorationLock speedFull tech treeHidden civsTurbo modeCheats
Victory
Defeat
🇹🇷 Teutons · Türkiye
994
+14
🇹🇷 Huns · Türkiye
978
+15
🇹🇷 Hindustanis · Türkiye
941
+16
🇰🇿 Wu · Kazakhstan
993
-16
🇺🇸 Wei · United States
944
-15
🇳🇮 Celts · Nicaragua
923
-14
DeSong
11:58 Feudal Age
16:54 Castle Age
15:19 Double-Bit Axe
18:07 Bow Saw
19:05 Loom
19:39 Horse Collar
31:02 Imperial Age
29:38 Wheelbarrow
28:48 Town Watch
29:31 Gold Mining
29:33 Stone Mining
29:50 Squires
29:36 Arson
29:53 Scale Mail Armor
30:18 Pikeman
30:20 Man-at-Arms
31:18 Hand Cart
30:48 Town Watch
31:53 Heavy Plow
32:56 Two-Man Saw
32:37 Chain Mail Armor
32:33 Forging
33:13 Gold Shaft Mining
33:17 Stone Shaft Mining
32:53 Halberdier
34:30 Plate Mail Armor
35:02 Conscription
35:02 Sitting Tiger
37:49 Iron Casting
41:12 Blast Furnace
40:19 Long Swordsman
41:18 Two-Handed Swordsman
42:15 Onager
42:26 Champion
bergiebird
2:40 Loom
10:37 Feudal Age
12:12 Wheelbarrow
11:25 Double-Bit Axe
12:01 Horse Collar
12:48 Gold Mining
13:03 Stone Mining
20:04 Castle Age
20:01 Forging
19:57 Scale Barding Armor
21:14 Hand Cart
21:36 Gold Shaft Mining
21:38 Stone Shaft Mining
21:15 Bow Saw
21:08 Heavy Plow
22:58 Chain Barding Armor
23:15 Iron Casting
23:11 Husbandry
25:26 Fortified Wall
25:18 Town Watch
25:54 Bloodlines
26:10 Tuntian
26:19 Town Patrol
29:44 Imperial Age
32:24 Blast Furnace
33:04 Ming Guang Armor
32:58 Elite Tiger Cavalry
34:35 Conscription
35:26 Conscription
40:20 Masonry
40:32 Ballistics
41:12 Chemistry
40:04 Fletching
41:33 Bodkin Arrow
42:28 Hoardings
45:17 Bracer
mperez
8:17 Loom
10:17 Feudal Age
11:10 Double-Bit Axe
11:07 Horse Collar
15:53 Scale Barding Armor
16:00 Forging
16:34 Wheelbarrow
18:08 Scale Mail Armor
20:14 Castle Age
18:17 Padded Archer Armor
19:10 Fletching
20:07 Gold Mining
20:07 Stone Mining
20:30 Pikeman
21:38 Bow Saw
21:30 Heavy Plow
22:26 Chain Mail Armor
22:47 Iron Casting
22:01 Crossbowman
23:49 Bodkin Arrow
24:30 Leather Archer Armor
25:16 Town Watch
27:16 Chain Barding Armor
27:09 Husbandry
28:42 Hand Cart
32:00 Gold Shaft Mining
32:00 Stone Shaft Mining
32:22 Ballistics
32:13 Masonry
35:35 Imperial Age
35:40 Halberdier
36:52 Ring Archer Armor
36:53 Plate Mail Armor
37:24 Blast Furnace
37:31 Chemistry
36:37 Siege Engineers
36:27 Murder Holes
39:09 Guilds
39:30 Coinage
39:01 Caravan
41:34 Banking
tiirk
10:10 Feudal Age
12:34 Horse Collar
13:41 Loom
18:57 Castle Age
17:24 Double-Bit Axe
18:49 Scale Barding Armor
18:58 Bloodlines
19:57 Husbandry
22:32 Crossbowman
23:07 Fletching
24:06 Ballistics
31:33 Imperial Age
30:54 Thumb Ring
31:12 Bodkin Arrow
31:47 Heavy Plow
32:47 Conscription
34:17 Elite Skirmisher
35:31 Heavy Camel Rider
36:49 Gold Mining
38:31 Wheelbarrow
40:58 Chemistry
43:46 Chain Barding Armor
43:38 Forging
42:52 Imperial Camel Rider
46:10 Plate Barding Armor
45:38 Bracer
45:40 Padded Archer Armor
46:22 Hand Cart
48:08 Iron Casting
48:10 Grand Trunk Road
48:18 Shatagni
49:41 Leather Archer Armor
50:28 Blast Furnace
50:10 Caravan
51:55 Town Watch
53:05 Gold Shaft Mining
53:18 Ring Archer Armor
bLuStEr
1:49 Loom
9:56 Feudal Age
10:41 Double-Bit Axe
10:39 Horse Collar
12:19 Wheelbarrow
19:23 Castle Age
19:05 Gold Mining
19:08 Stone Mining
20:36 Bow Saw
21:23 Stone Shaft Mining
21:35 Town Watch
22:14 Gambesons
22:30 Squires
22:44 Forging
22:35 Scale Mail Armor
23:06 Bloodlines
23:20 Heavy Plow
24:40 Town Patrol
28:40 Hand Cart
30:30 Pikeman
35:55 Imperial Age
35:47 Iron Casting
36:12 Chain Mail Armor
36:31 Fletching
36:49 Scale Barding Armor
37:13 Man-at-Arms
38:37 Crenellations
38:38 Conscription
37:54 Long Swordsman
40:17 Blast Furnace
39:47 Plate Mail Armor
38:51 Two-Handed Swordsman
40:00 Champion
40:13 Champion
43:27 Fletching
43:54 Fortified Wall
43:22 Elite Skirmisher
44:24 Bodkin Arrow
45:53 Halberdier
47:52 Elite Teutonic Knight
49:08 Hoardings
49:54 Arson
52:00 Ballistics
52:41 Chemistry
52:03 Ballistics
RockNRolla
1:28 Loom
11:25 Feudal Age
12:16 Horse Collar
12:23 Double-Bit Axe
17:32 Gold Mining
20:49 Castle Age
18:56 Gold Mining
20:17 Bloodlines
20:17 Scale Barding Armor
21:05 Elite Skirmisher
21:06 Pikeman
21:47 Squires
22:53 Bow Saw
24:21 Wheelbarrow
26:01 Hand Cart
26:16 Town Watch
27:32 Town Patrol
29:27 Gold Shaft Mining
28:59 Heavy Plow
29:33 Stone Mining
33:39 Imperial Age
31:44 Scale Mail Armor
31:54 Forging
31:45 Padded Archer Armor
32:14 Ballistics
32:54 Chain Barding Armor
32:52 Chain Mail Armor
32:29 Fletching
32:56 Husbandry
34:38 Iron Casting
35:53 Two-Man Saw
35:29 Leather Archer Armor
35:17 Cavalier
38:06 Chemistry
37:10 Halberdier
38:20 Paladin
39:59 Bodkin Arrow
47:29 Blast Furnace
46:38 Bracer
Connection lost

Rejoining the realm…

Still unreachable

The connection could not be restored.

Session expired

The server has moved on; the page needs a fresh start.